 Dungeon Crawl Stone Soup version 0.29-a0-997-gf6f7e2dfe7 (webtiles) character file.

Game seed: 6023956986826729646

682 123456 the Digger (level 7, -3/36 HPs)
             Began as a Gargoyle Earth Elementalist on Aug 5, 2022.
             Was an Initiate of Vehumet.
             Killed by divine providence
             ... invoked by an orc priest
              (11 damage)
             ... on level 5 of the Dungeon.
             The game lasted 00:05:17 (4340 turns).

123456 the Digger (Gargoyle Earth Elementalist)     Turns: 4340, Time: 00:05:18

Health: -3/36      AC:  9    Str: 12    XL:     7   Next: 61%
Magic:  0/13       EV: 12    Int: 17    God:    Vehumet [......]
Gold:   178        SH:  0    Dex: 10    Spells: 6/14 levels left

rFire   + + .      SeeInvis .   y - +0 rapier
rCold   . . .      Faith    .   (no shield)
rNeg    + . .      Spirit   .   n - +1 leather armour {rF+}
rPois   ∞          Reflect  .   (no helmet)
rElec   +          Harm     .   (no cloak)
rCorr   .          Rampage  .   (no gloves)
Will    +....                   q - +0 pair of boots
Stlth   ++........              (no amulet)
HPRegen 0.12/turn               d - ring of willpower
MPRegen 0.13/turn               r - ring of protection from fire

@: no status effects
A: sickness immunity, AC +4, negative energy resistance 1, electricity
resistance, torment resistance 1, petrification resistance
a: Renounce Religion


You were on level 5 of the Dungeon.
You worshipped Vehumet.
Vehumet was noncommittal.
You visited 2 branches of the dungeon, and saw 6 of its levels.

You collected 178 gold pieces.

Inventory:

Hand Weapons
 i - a +0 dagger of electrocution
 y - a +0 rapier (weapon)
Missiles
 c - 11 poisoned darts
Armour
 n - a +1 leather armour of fire resistance (worn)
 q - a +0 pair of boots (worn)
Jewellery
 d - a ring of willpower (left hand)
 r - a ring of protection from fire (right hand)
 t - a ring of fire
Wands
 s - a wand of polymorph (11)
Scrolls
 a - 2 scrolls of identify {unknown}
 e - 2 scrolls of vulnerability {unknown}
 f - a scroll of immolation {unknown}
 h - 2 scrolls of teleportation {unknown}
 k - a scroll of silence {unknown}
 l - 3 scrolls of fear {unknown}
 m - 2 scrolls of magic mapping {unknown}
 p - a scroll of amnesia {unknown}
 u - a scroll of poison {unknown}
 x - a scroll of enchant weapon {unknown}
Potions
 b - 3 potions of magic
 g - 3 potions of curing {unknown}
 j - a potion of haste
 o - 2 potions of might {unknown}
 v - a potion of brilliance {unknown}
 w - a potion of ambrosia {unknown}


   Skills:
 + Level 2.9 Dodging
 - Level 4.0 Stealth
 * Level 4.2 Spellcasting
 * Level 2.9 Conjurations
 - Level 0.7 Transmutations
 * Level 6.1 Earth Magic
 + Level 1.6 Poison Magic


You had 6 spell levels left.
You knew the following spells:

 Your Spells              Type           Power      Damage    Failure   Level
a - Sandblast             Erth           48%        2d12      1%          1
b - Stone Arrow           Conj/Erth      38%        3d9       9%          3
c - Olgreb's Toxic Radia  Pois           9%         N/A       67%         4

Your spell library contained the following spells:

 Spells                   Type           Power      Damage    Failure   Level
 Passwall                 Tmut/Erth      12%        N/A       7%          2
 Sting                    Tmut/Pois      28%        1d4       12%         1
 Poisonous Vapours        Pois/Air       12%        N/A       22%         2
 Petrify                  Tmut/Erth      15%        N/A       43%         4
 Gell's Gravitas          Tloc           3%         N/A       52%         3
 Teleport Other           Tloc           3%         N/A       52%         3
 Iskenderun's Battlesphe  Conj           13%        2d7       85%         5
 Fireball                 Conj/Fire      4%         3d4       96%         5
 Conjure Ball Lightning   Conj/Air       4%         3x3d6     100%        6
 Dispersal                Tloc           1%         N/A       100%        6
 Orb of Destruction       Conj           6%         9d6       100%        7


Dungeon Overview and Level Annotations

Branches:
Dungeon (5/15)             Temple (1/1) D:4

Altars:
Ashenzari
Dithmenos
Elyvilon
Fedhas
Gozag
Hepliaklqana
Kikubaaqudgha
Makhleb
Okawaru
Qazlal
Sif Muna
Trog
Vehumet
Wu Jian
Xom
Yredelemnul
Zin
The Shining One


Innate Abilities, Weirdness & Mutations

You are immune to sickness and miasma.
Your stone body is resilient. (AC +4)
You are immune to poison.
You resist negative energy. (rN+)
You are resistant to electric shocks. (rElec)
You are resistant to unholy torment.
You are immune to petrification.


Message History

The scorpion closely misses you. x2
The blast of sand misses the scorpion.
The scorpion barely misses you.
The scorpion stings you but does no damage.
The blast of sand hits the scorpion!
The scorpion is heavily wounded.
The scorpion misses you.
The scorpion stings you but does no damage.
An orc comes into view. It is wielding a +0 short sword.
The scorpion stings you.
The blast of sand hits the scorpion.
The scorpion is severely wounded.
The scorpion stings you.
An orc comes into view. It is wielding a +0 hand axe.
The scorpion barely misses you.
The blast of sand hits the scorpion but does no damage.
The scorpion is severely wounded.
The scorpion misses you. The scorpion stings you.
An orc priest comes into view. It is wielding a +0 war axe.
The scorpion stings you but does no damage.
The blast of sand hits the scorpion!
You kill the scorpion!
Vehumet accepts your kill.
The orc throws a stone.
The stone hits you but does no damage.
Casting: Sandblast (safe; 1% risk of failure)
Confirm with . or Enter, or press ? or * to list all spells.
Aiming: Stone Arrow (dangerous; 9% risk of failure)
Press: ? - help, Shift-Dir - straight line, f - orc
Aim: an orc, wielding a +0 short sword, wearing a +0 leather armour and quivering stones (68% to hit)
The stone arrow misses the orc.
The stone arrow hits the orc!!
You kill the orc!
Vehumet accepts your kill.
The orc priest mumbles some strange prayers to Beogh against you.
Beogh smites you! The orc hits you with a +0 short sword.
* * * LOW HITPOINT WARNING * * *
Unknown command.
You hit the orc.
The orc is moderately wounded.
The orc priest invokes the aid of Beogh against you.
Beogh smites you!
You die...

##...## #.# ##.## #.#
.# #####.# ##...#.#
#....... #####....... .
#.........##
..$.#########.####†..##
..o.))o@......# #####
#.#############


You could see an orc priest and an orc.

Vanquished Creatures
  3 scorpions
  A bullfrog (D:5)
  2 necrophages
  2 hounds
  Natasha (thrice) (D:3)
  An orc wizard (D:5)
  A gnoll (D:2)
  5 adders
  A worm (D:2)
  4 dart slugs
  7 orcs
  6 endoplasms
  3 giant cockroaches
  3 goblins
  8 hobgoblins
  7 jackals
  9 kobolds
  4 quokkas
  5 ball pythons
  5 bats
  6 frilled lizards
  5 rats
91 creatures vanquished.

Notes
Turn   | Place    | Note
-------+----------+-------------------------------------------
     0 | D:1      | 123456 the Gargoyle Earth Elementalist began the quest for
                  | the Orb.
     0 | D:1      | Reached XP level 1. HP: 10/10 MP: 3/3
   121 | D:1      | Reached XP level 2. HP: 15/15 MP: 0/5
   382 | D:1      | Reached skill level 4 in Earth Magic
   639 | D:1      | Found a faded altar of an unknown god.
  1007 | D:1      | Reached XP level 3. HP: 19/19 MP: 2/6
  1190 | D:2      | Learned a level 3 spell: Stone Arrow
  1221 | D:2      | You fall into a shaft and drop 2 floors!
  1221 | D:4      | Found a basalt altar of Yredelemnul.
  1232 | D:5      | Entered Level 5 of the Dungeon
  1241 | D:5      | Reached XP level 4. HP: 22/24 MP: 3/8
  1328 | D:5      | Noticed a scorpion
  1565 | D:4      | Noticed a scorpion
  1620 | D:3      | Noticed Natasha
  1625 | D:3      | Killed Natasha
  1626 | D:3      | Reached XP level 5. HP: 25/28 MP: 4/9
  1645 | D:2      | Reached skill level 5 in Earth Magic
  2046 | D:2      | Learned a level 4 spell: Olgreb's Toxic Radiance
  2928 | D:3      | Found a burning altar of Makhleb.
  2938 | D:3      | Noticed Natasha
  2948 | D:3      | Killed Natasha
  2949 | D:3      | Reached skill level 1 in Conjurations
  2949 | D:3      | Reached XP level 6. HP: 30/32 MP: 4/11
  3004 | D:3      | Noticed Natasha
  3009 | D:3      | Killed Natasha
  3372 | D:4      | Reached skill level 1 in Poison Magic
  3577 | D:4      | Reached XP level 7. HP: 26/36 MP: 4/12
  3813 | D:4      | Found a staircase to the Ecumenical Temple.
  3878 | Temple   | Entered the Ecumenical Temple
  4039 | Temple   | Became a worshipper of Vehumet
  4332 | D:5      | Reached skill level 6 in Earth Magic
  4340 | D:5      | Killed from afar by an orc priest

Illustrated notes

Levels and vault maps discovered:
D:1:      reono_arrival_forest_river, layout_loops_ring,
          shapermc_ecumenical_altar_ellora
D:2:      layout_loops_ring, minmay_misc_feat_nine_boxes, cheibrodos_gnoll_hut
D:3:      layout_rooms, bloody_makhleb, uniq_natasha
D:4:      layout_loops_ring, nicolae_overflow_hidden_temple,
          minmay_temple_entry_glassed_door
D:5:      minmay_thinvault, layout_loops_ring, kennysheep_mini_moat,
          mrwooster_statue_mirror
Temple:   nicolae_temple_elliptical

Skill      XL: |  1  2  3  4  5  6  7 |
---------------+----------------------+-----
Earth Magic    | 4 5 6 |  6.1
Dodging        | 2 |  2.9
Stealth        | 3 4 |  4.0
Spellcasting   | 3 4 |  4.2
Conjurations   | 1 2 |  2.9
Poison Magic   | 1 |  1.6
Transmutations | |  0.7

Action                   |  1- 3 |  4- 6 |  7- 9 || total
-------------------------+-------+-------+-------++-------
Melee: Club              |     9 |       |       ||     9
       Dagger            |     4 |    11 |     1 ||    16
       Punch             |       |     1 |       ||     1
       Rapier            |       |       |     4 ||     4
 Cast: Sandblast         |    36 |    76 |    28 ||   140
       Stone Arrow       |       |     4 |     1 ||     5
 Stab: Sleeping          |     1 |       |     1 ||     2
Armor: Robe              |    15 |    21 |       ||    36
       Leather armour    |       |    27 |    18 ||    45
Dodge: Dodged            |    28 |    79 |    19 ||   126

Table legend: (Time is in decaauts)
 A = Elapsed time spent in this place.
 B = Non-inter-level travel time spent in this place.
 C = Inter-level travel time spent in this place.
 D = Time resting spent in this place.
 E = Time spent auto-exploring this place.
 F = Levels seen in this place.
 G = Mean time per level.
                   A        B        C        D        E       F      G
               +--------+--------+--------+--------+--------+-----+--------+
         Total |   4483 |   4332 |    151 |    193 |   3398 |   6 |  747.2 |
       Dungeon |   4307 |   4182 |    125 |    193 |   3264 |   5 |  861.4 |
        Temple |    175 |    149 |     26 |      0 |    134 |   1 |  175.0 |
               +--------+--------+--------+--------+--------+-----+--------+

Top non-repeatable levels by time:
     D:2: 1283 daAuts
     D:1: 1159 daAuts
     D:4: 976 daAuts
     D:3: 513 daAuts
     D:5: 373 daAuts
  Temple: 175 daAuts
